 Dungeon Crawl Stone Soup version 0.26.1-10-gdfb7c7de75 (webtiles) character file.

Game seed: 16934609920410522925

233 Chiseanne the Conjurer (level 5, -1/35 HPs)
             Began as a Demonspawn Hedge Wizard on Apr 3, 2021.
             Slain by an orc
             ... wielding a +2 flail of holy wrath
              (3 damage)
             ... on level 3 of the Dungeon.
             The game lasted 00:07:19 (5085 turns).

Chiseanne the Conjurer (Demonspawn Hedge Wizard)    Turns: 5085, Time: 00:07:20

Health: -1/35      AC:  3    Str: 10    XL:     5   Next: 75%
Magic:  0/10       EV: 12    Int: 17    God:
Gold:   138        SH:  0    Dex: 12    Spells: 5/11 levels left

rFire    + . .     SeeInvis .   a - +0 rapier
rCold    . . .     Faith    .   (no shield)
rNeg     . . .     Spirit   .   b - +0 robe
rPois    .         Reflect  .   q - +0 helmet
rElec    .         Harm     .   (no cloak)
rCorr    .         Rampage  .   (no gloves)
Will     .....                  (no boots)
Stlth    ++........             (no amulet)
HPRegen  0.11/turn              v - ring of protection from fire
MPRegen  0.12/turn              (no ring)

@: no status effects
A: powered by death 1
a: no special abilities


You were on level 3 of the Dungeon.
You visited 1 branch of the dungeon, and saw 3 of its levels.

You collected 138 gold pieces.

Inventory:

Hand Weapons
 a - a +0 rapier (weapon)
 w - a +0 hunting sling
Missiles
 f - 61 sling bullets
 g - 8 javelins
 i - 27 bolts
 l - 137 stones
 n - 37 arrows
 t - a throwing net
Armour
 b - a +0 robe (worn)
 q - a +0 helmet (worn)
Jewellery
 v - a ring of protection from fire (left hand)
Wands
 r - a wand of flame (13)
Scrolls
 c - a scroll of identify
 j - a scroll of magic mapping
 o - a scroll of remove curse
Potions
 d - a potion of lignification
 h - a potion of brilliance
 k - a potion of curing
 m - a potion of invisibility {unknown}
 s - 2 potions of flight
 u - a potion of magic {unknown}


   Skills:
 - Level 1.7 Dodging
 - Level 1.7 Stealth
 - Level 3.7 Spellcasting
 * Level 4.1 Conjurations
 - Level 1.0 Summonings
 - Level 0.8 Translocations
 * Level 2.6 Air Magic


You had 5 spell levels left.
You knew the following spells:

 Your Spells              Type           Power        Failure   Level
a - Magic Dart            Conj           68%          3%          1
b - Blink                 Tloc           N/A          17%         2
d - Mephitic Cloud        Conj/Pois/Air  10%          19%         3

Your spell library contained the following spells:

 Spells                   Type           Power        Failure   Level
 Call Imp                 Summ           6%           16%         2
 Conjure Flame            Conj/Fire      10%          22%         3
 Slow                     Hex            3%           24%         2


Dungeon Overview and Level Annotations

Branches:
Dungeon (3/15)

Altars:


Innate Abilities, Weirdness & Mutations

You regenerate a little health from kills.


Message History

Confirm with . or Enter, or press ? or * to list all spells.
You don't have enough magic to cast that spell.
You barely miss the orc.
The orc is almost dead.
The orc hits you with a +2 flail of holy wrath!
* * * LOW HITPOINT WARNING * * *
You convulse.
* * * LOW HITPOINT WARNING * * *
You feel better. The orc barely misses you.
Casting: Magic Dart (safe; 3% risk of failure)
Confirm with . or Enter, or press ? or * to list all spells.
Aiming: Magic Dart (safe; 3% risk of failure)
Press: ? - help, Shift-Dir - straight line, f/p - orc
Aim: an orc, wielding a +2 flail of holy wrath and wearing a +0 chain mail (severely wounded, 0% to evade)
The magic dart hits the orc.
The orc is almost dead.
The orc hits you with a +2 flail of holy wrath!
* * * LOW HITPOINT WARNING * * *
You convulse.
You die...

..# . #.# ..## #.#
..... #.#
#...#.#### #.<....#
......#>##.#
........##.####
.#########.o@.#
####.# .# #.# #'##
#.# ##...## #.#
##.....## ####.#
#.......## ##.##.#
.........####...#.#
.........+........#


You could see an orc.

Vanquished Creatures
  An orc wizard (D:3)
  A centaur skeleton (D:3)
  Ijyb (D:3)
  Robin (D:3)
  2 gnolls
  2 adders
  An ooze (D:3)
  5 worms (D:3)
  4 leopard geckos
  4 orcs (D:3)
  A giant cockroach (D:1)
  12 goblins
  11 hobgoblins
  7 jackals
  7 kobolds
  A quokka (D:3)
  7 bats
  3 frilled lizards
  5 rats
76 creatures vanquished.

Notes
Turn   | Place    | Note
-------+----------+-------------------------------------------
     0 | D:1      | Chiseanne the Demonspawn Hedge Wizard began the quest for
                  | the Orb.
     0 | D:1      | Reached XP level 1. HP: 13/13 MP: 4/4
   436 | D:1      | Gained mutation: You regenerate a little health from kills.
                  | [demonic ancestry]
   436 | D:1      | Reached XP level 2. HP: 19/19 MP: 1/6
   664 | D:1      | Reached skill level 2 in Conjurations
   836 | D:1      | Reached XP level 3. HP: 24/24 MP: 5/8
  2502 | D:1      | Learned a level 2 spell: Blink
  2506 | D:1      | Learned a level 3 spell: Mephitic Cloud
  2998 | D:3      | Reached skill level 3 in Conjurations
  2998 | D:3      | Reached skill level 1 in Air Magic
  2998 | D:3      | Reached XP level 4. HP: 16/30 MP: 1/9
  3020 | D:3      | Noticed Robin
  3342 | D:3      | Killed Robin
  4081 | D:3      | Noticed Ijyb
  4131 | D:3      | Killed Ijyb
  4132 | D:3      | Reached XP level 5. HP: 28/35 MP: 1/10
  4921 | D:3      | Reached skill level 4 in Conjurations
  5085 | D:3      | Slain by an orc

Illustrated notes

Levels and vault maps discovered:
D:1:      matt_arrival_grand_opening, layout_basic, serial_corexii_hall,
          chequers_hall_statues_y, corexii_hall_statues_l,
          chequers_hall_statues_y, corexii_hall_statues_i,
          chequers_hall_statues_y, corexii_hall_statues_i, st_stairs_11,
          serial_park_tiny_1, hangedman_decor_clover_reticule
D:2:      layout_loops_ring
D:3:      layout_loops_corners, chequers_ecumenical_altar_lobes,
          minmay_randomly_rotated_circles, uniq_robin, uniq_ijyb

Skill      XL: |  1  2  3  4  5 |
---------------+----------------+-----
Conjurations   | 2 3 4 |  4.1
Air Magic      | 1 2 |  2.6
Dodging        | |  1.7
Stealth        | |  1.7
Spellcasting   | |  3.7
Summonings     | |  1.0
Translocations | |  0.8

Action                   |  1- 3 |  4- 6 || total
-------------------------+-------+-------++-------
Melee: Short sword       |    26 |     7 ||    33
       Rapier            |       |    32 ||    32
 Cast: Magic Dart        |   105 |   130 ||   235
       Mephitic Cloud    |       |     2 ||     2
  Use: Scroll            |     3 |     3 ||     6
       Potion            |       |     3 ||     3
 Stab: Confused          |       |     4 ||     4
Armor: Robe              |     6 |    11 ||    17
       Skin              |       |     2 ||     2
Dodge: Dodged            |    30 |    31 ||    61
